 Dungeon Crawl Stone Soup version 0.31-a0-1-g4198be8af4 (webtiles) character file.

Game seed: 12221397752316762117

1043 ytrimaz the Shield-Bearer (level 8, -2/67 HPs)
             Began as a Gnoll Fighter on May 1, 2023.
             Slain by a two-headed ogre
             ... wielding a +0 giant club
              (25 damage)
             ... on level 5 of the Dungeon.
             The game lasted 00:04:11 (4338 turns).

ytrimaz the Shield-Bearer (Gnoll Fighter)           Turns: 4338, Time: 00:04:12

Health: -2/67      AC:  8    Str: 17    XL:     8   Next: 25%
Magic:  12/12      EV:  9    Int:  7    God:
Gold:   246        SH: 10    Dex: 13    Spells: 13/13 levels left

rFire   . . .        a - +1 war axe
rCold   . . .        p - +0 kite shield
rNeg    . . .        b - +0 scale mail
rPois   .            (no helmet)
rElec   .            (no cloak)
rCorr   .            (no gloves)
SInv    .            (no boots)
Will    .....        e - amulet of regeneration
Stlth   +            (no ring)
HPRegen 1.11/turn    (no ring)
MPRegen 0.13/turn

%: no passive effects
@: no status effects
A: fangs 1, strong nose, distributed training
a: no special abilities


You were on level 5 of the Dungeon.
You visited 1 branch of the dungeon, and saw 5 of its levels.

You collected 246 gold pieces.


Innate Abilities, Weirdness & Mutations

You have very sharp teeth.
Your uncanny sense of smell can sniff out nearby items.
Your experience applies equally to all skills.


   Skills:
 + Level 7.3 Fighting
 + Level 3.2 Short Blades
 + Level 3.2 Long Blades
 + Level 5.6 Axes
 + Level 3.2 Maces & Flails
 + Level 3.2 Polearms
 + Level 3.2 Staves
 + Level 3.2 Ranged Weapons
 + Level 3.2 Throwing
 + Level 7.3 Armour
 + Level 3.2 Dodging
 + Level 3.2 Stealth
 + Level 7.3 Shields
 + Level 3.2 Unarmed Combat
 + Level 3.2 Spellcasting
 + Level 2.6 Conjurations
 + Level 2.6 Hexes
 + Level 2.6 Summonings
 + Level 2.6 Necromancy
 + Level 2.6 Translocations
 + Level 2.6 Transmutations
 + Level 2.6 Fire Magic
 + Level 2.6 Ice Magic
 + Level 2.6 Air Magic
 + Level 2.6 Earth Magic
 + Level 2.6 Poison Magic
 + Level 3.5 Invocations
 + Level 3.2 Evocations


You had 13 spell levels left.
You didn't know any spells.
Your spell library contained the following spells:

 Spells                   Type           Power      Damage    Failure   Level
 Ensorcelled Hibernation  Hex/Ice        8%         N/A       75%         2
 Passwall                 Tmut/Erth      3%         N/A       75%         2
 Portal Projectile        Hex/Tloc       8%         N/A       93%         3
 Swiftness                Air            4%         N/A       93%         3
 Tukima's Dance           Hex            4%         N/A       93%         3
 Passage of Golubria      Tloc           4%         N/A       100%        4
 Blade Hands              Tmut           2%         N/A       100%        5
 Yara's Violent Unravell  Hex/Tmut       2%         3d3       100%        5

Inventory:

Hand Weapons
 a - a +1 war axe (weapon)
 u - a +0 vampiric hand axe
   (You took it off an orc on level 3 of the Dungeon)
Armour
 b - a +0 scale mail (worn)
 c - a +0 buckler
 o - a +0 pair of boots
   (You found it on level 2 of the Dungeon)
 p - a +0 kite shield (worn)
   (You found it on level 2 of the Dungeon)
Jewellery
 e - an amulet of regeneration (around neck)
   (You found it on level 1 of the Dungeon)
 j - an amulet of reflection
   (You found it on level 1 of the Dungeon)
 r - an amulet of guardian spirit
   (You found it on level 3 of the Dungeon)
 x - an amulet of magic regeneration
   (You found it on level 3 of the Dungeon)
Scrolls
 g - 4 scrolls of teleportation
 l - a scroll of fear
 v - 3 scrolls of vulnerability
 w - a scroll of poison
Potions
 d - 2 potions of might
 f - 3 potions of haste
 h - 2 potions of heal wounds {unknown}
 i - 3 potions of resistance {unknown}
 k - a potion of magic {unknown}
 m - 3 potions of attraction {unknown}
 n - a potion of mutation {unknown}
 q - a potion of brilliance {unknown}
 s - 6 potions of degeneration {unknown}
 t - a potion of cancellation {unknown}
 A - 3 potions of curing {unknown}

Dungeon Overview and Level Annotations

Branches:
Dungeon (5/15) Zot: 25554
 Temple: D:4-7

Altars:
Nemelex Xobeh

Annotations:
D:3 1 runed translucent door, Crazy Yiuf
D:5 1 runed translucent door, MrSquiggles's ghost, novice DrGl

.....# #......##.# .......##
#......##.# .........##
#......##.##
...........###..........#
............##..........#
............#####.......#
.♣..♣.......#...........#####
.?≈≈......g.'................
!≈≈....g.gO@.......<...#####
.♣..♣...gg..#.......#........
........g.g.#.#'#.#.#........
............#.#.#.#.#........
...........##.#.#.#.#........
..........###.#.#.#.#.#######
.........## #.#.#.#+#.#
........## #.#.#.....#
.......## #.#.#.....##


You could see a two-headed ogre, 2 gnoll sergeants and 5 gnolls.


Message History

The scorpion closely misses you. The scorpion stings you. 😮 HP[-7]
You take 7 damage, and now have 40/67 hp.
You hit the scorpion.
You kill the scorpion!
You feel sick.
Unknown command.
You feel sick.
There is an open door here.
You see here an iguana corpse. 😮 HP[-1]
You take 1 damage, and now have 39/67 hp.
You feel sick.
You feel sick.
You feel sick.
You feel sick.
You feel sick.
You feel sick.
You are no longer poisoned.
Key pressed, stopping explore.
Unknown command. 😮 HP[+7]
You regained 7 hp, and now have 46/67 hp.
Found a stone staircase leading up. 😎 HP[+21]
Your hp is fully restored (67).
Key pressed, stopping explore.
Unknown command.
A - 3 grey potions (gained 1)
There is a stone staircase leading up here.
An ufetubus comes into view.
The ufetubus shouts!
The ufetubus moves out of view.
Found a fuming grey potion.
Found a sparkling altar of Nemelex Xobeh.
An ufetubus is nearby!
An ufetubus is nearby!
An ufetubus is nearby!
The ufetubus barely misses you. You block the ufetubus's attack.
You see here 13 gold pieces.
You slash the ufetubus!
You kill the ufetubus!
No target in view!
Unknown command.
No target in view!
You now have 246 gold pieces (gained 13).
s - 6 fuming grey potions (gained 1)
You open the door.
There is an open door here.
Key pressed, stopping explore.
You open the large door.
There is a large open door here.
A gnoll comes into view. It is wielding a +0 halberd.
A gnoll is nearby!
A gnoll is nearby!
A gnoll is nearby!
A gnoll sergeant, a two-headed ogre and a gnoll come into view.
The gnoll sergeant is wielding a +0 heavy spear.
The gnoll sergeant shouts!
The two-headed ogre shouts in stereo!
A gnoll sergeant and a gnoll come into view.
The gnoll is wielding a +2 whip of pain.
The gnoll sergeant shouts!
The gnoll shouts!
A gnoll comes into view. It is wielding a +0 flail.
The gnoll shouts!
A gnoll comes into view. It is wielding a +0 flail.
The gnoll shouts!
You hit the gnoll. You bite the gnoll, but do no damage.
The gnoll hits you from afar with a +0 spear.
The gnoll sergeant barely misses you. The gnoll hits you with a +0 halberd.
The gnoll barely misses you.
The two-headed ogre completely misses you.
The two-headed ogre closely misses you. You block the gnoll's attack. 😕 HP[-5]
You take 5 damage, and now have 62/67 hp.
You slash the gnoll! You hit the two-headed ogre.
The gnoll sergeant barely misses you. The gnoll barely misses you.
The gnoll hits you with a +0 halberd! 😕 HP[-6]
You take 6 damage, and now have 56/67 hp.
Unknown command.
The gnoll hits you with a +0 halberd. 😕 HP[-2]
You take 2 damage, and now have 54/67 hp.
The gnoll hits you from afar with a +0 halberd! 😮 HP[-7]
You take 7 damage, and now have 47/67 hp.
The two-headed ogre attacks as you move away!
You block the two-headed ogre's attack.
The two-headed ogre hits you with a +0 giant club! 😮 HP[-11]
You take 11 damage, and now have 36/67 hp. 😮 HP[+1]
There is a large open door here. 😮 HP[+2]
You regained 2 hp, and now have 39/67 hp.
The two-headed ogre attacks as you move away!
The two-headed ogre hits you with a +0 giant club!
* * * LOW HITPOINT WARNING * * *
The two-headed ogre hits you with a +0 giant club!!
You die...

Skill      XL: |  1  2  3  4  5  6  7 |
---------------+----------------------+-----
Invocations    | 1 2 3 |  3.5
Short Blades   | 1 2 3 |  3.2
Long Blades    | 1 2 3 |  3.2
Maces & Flails | 1 2 3 |  3.2
Polearms       | 1 2 3 |  3.2
Staves         | 1 2 3 |  3.2
Ranged Weapons | 1 2 3 |  3.2
Throwing       | 1 2 3 |  3.2
Dodging        | 1 2 3 |  3.2
Stealth        | 1 2 3 |  3.2
Unarmed Combat | 1 2 3 |  3.2
Spellcasting   | 1 2 3 |  3.2
Evocations     | 1 2 3 |  3.2
Conjurations   | 1 2 |  2.6
Hexes          | 1 2 |  2.6
Summonings     | 1 2 |  2.6
Necromancy     | 1 2 |  2.6
Translocations | 1 2 |  2.6
Transmutations | 1 2 |  2.6
Fire Magic     | 1 2 |  2.6
Ice Magic      | 1 2 |  2.6
Air Magic      | 1 2 |  2.6
Earth Magic    | 1 2 |  2.6
Poison Magic   | 1 2 |  2.6
Axes           | 5 |  5.6
Fighting       | 7 |  7.3
Armour         | 7 |  7.3
Shields        | 7 |  7.3

Action                     |  1- 3 |  4- 6 |  7- 9 || total
---------------------------+-------+-------+-------++-------
  Melee: War axe           |   111 |    98 |    93 ||   302
         Bite              |    11 |     9 |    11 ||    31
    Use: Scroll            |       |       |     7 ||     7
 Armour: Scale mail        |    60 |    77 |    47 ||   184
  Dodge: Dodged            |    57 |    58 |    36 ||   151
  Block: Buckler           |    40 |    19 |       ||    59
         Kite shield       |       |    46 |    69 ||   115

Levels and vault maps discovered:
D:1:      dpeg_arrival_windows_large_door, layout_loops_ring,
          minmay_strange_pillars
D:2:      layout_basic, chequers_serial_rivers_room_a
D:3:      layout_basic, eino_curves_03, uniq_crazy_yiuf_cottage
D:4:      layout_basic, uniq_eustachio, uniq_natasha
D:5:      kennysheep_big_flooded_room, layout_basic,
          mainiacjoe_overflow_tiny_flanked, ebering_ghost_reflecting_pool,
          minivault_24

Notes
Turn   | Place    | Note
-------+----------+-------------------------------------------
     0 | D:1      | ytrimaz the Gnoll Fighter began the quest for the Orb.
     0 | D:1      | Reached XP level 1. HP: 23/23 MP: 1/1
     0 | D:1      | magus.rc [v1.9.6]
   127 | D:1      | Reached XP level 2. HP: 29/29 MP: 2/2
   215 | D:1      | You pick up a book of Burglary and begin reading...
   215 | D:1      | You add the spells Passwall, Ensorcelled Hibernation and
                  | Swiftness to your library.
   276 | D:1      | You fall into a shaft and drop 1 floor!
   293 | D:2      | Reached XP level 3. HP: 30/35 MP: 2/4
   351 | D:2      | Reached skill level 1 in Invocations
   538 | D:1      | Reached skill level 1 in Short Blades
   538 | D:1      | Reached skill level 1 in Long Blades
   538 | D:1      | Reached skill level 1 in Maces & Flails
   538 | D:1      | Reached skill level 1 in Polearms
   538 | D:1      | Reached skill level 1 in Staves
   538 | D:1      | Reached skill level 1 in Ranged Weapons
   538 | D:1      | Reached skill level 1 in Throwing
   538 | D:1      | Reached skill level 1 in Dodging
   538 | D:1      | Reached skill level 1 in Stealth
   538 | D:1      | Reached skill level 1 in Unarmed Combat
   538 | D:1      | Reached skill level 1 in Spellcasting
   538 | D:1      | Reached skill level 1 in Evocations
   964 | D:2      | Reached XP level 4. HP: 39/41 MP: 5/5
  1165 | D:2      | You add the spells Tukima's Dance, Passage of Golubria and
                  | Yara's Violent Unravelling to your library.
  1233 | D:2      | You pick up a book of Weapons and begin reading...
  1233 | D:2      | You add the spells Portal Projectile and Blade Hands to
                  | your library.
  1761 | D:3      | Reached skill level 1 in Conjurations
  1761 | D:3      | Reached skill level 1 in Hexes
  1761 | D:3      | Reached skill level 1 in Summonings
  1761 | D:3      | Reached skill level 1 in Necromancy
  1761 | D:3      | Reached skill level 1 in Translocations
  1761 | D:3      | Reached skill level 1 in Transmutations
  1761 | D:3      | Reached skill level 1 in Fire Magic
  1761 | D:3      | Reached skill level 1 in Ice Magic
  1761 | D:3      | Reached skill level 1 in Air Magic
  1761 | D:3      | Reached skill level 1 in Earth Magic
  1761 | D:3      | Reached skill level 1 in Poison Magic
  1994 | D:3      | Found a runed translucent door.
  1995 | D:3      | Noticed Crazy Yiuf
  2049 | D:3      | Noticed a phantom
  2057 | D:3      | Reached XP level 5. HP: 30/47 MP: 5/7
  2064 | D:3      | Killed a phantom
  2283 | D:3      | Reached skill level 2 in Invocations
  2696 | D:4      | Noticed Eustachio
  2730 | D:4      | Killed Eustachio
  2731 | D:4      | Reached skill level 2 in Short Blades
  2731 | D:4      | Reached skill level 2 in Long Blades
  2731 | D:4      | Reached skill level 5 in Axes
  2731 | D:4      | Reached skill level 2 in Maces & Flails
  2731 | D:4      | Reached skill level 2 in Polearms
  2731 | D:4      | Reached skill level 2 in Staves
  2731 | D:4      | Reached skill level 2 in Ranged Weapons
  2731 | D:4      | Reached skill level 2 in Throwing
  2731 | D:4      | Reached skill level 2 in Dodging
  2731 | D:4      | Reached skill level 2 in Stealth
  2731 | D:4      | Reached skill level 2 in Unarmed Combat
  2731 | D:4      | Reached skill level 2 in Spellcasting
  2731 | D:4      | Reached skill level 2 in Evocations
  2731 | D:4      | Reached XP level 6. HP: 53/53 MP: 7/9
  2822 | D:4      | Reached skill level 7 in Fighting
  2822 | D:4      | Reached skill level 7 in Armour
  2822 | D:4      | Reached skill level 7 in Shields
  2822 | D:4      | Reached XP level 7. HP: 59/60 MP: 10/10
  3029 | D:4      | Noticed Natasha
  3034 | D:4      | Killed Natasha
  3052 | D:4      | Reached skill level 2 in Conjurations
  3052 | D:4      | Reached skill level 2 in Hexes
  3052 | D:4      | Reached skill level 2 in Summonings
  3052 | D:4      | Reached skill level 2 in Necromancy
  3052 | D:4      | Reached skill level 2 in Translocations
  3052 | D:4      | Reached skill level 2 in Transmutations
  3052 | D:4      | Reached skill level 2 in Fire Magic
  3052 | D:4      | Reached skill level 2 in Ice Magic
  3052 | D:4      | Reached skill level 2 in Air Magic
  3052 | D:4      | Reached skill level 2 in Earth Magic
  3052 | D:4      | Reached skill level 2 in Poison Magic
  3256 | D:4      | Noticed Natasha
  3264 | D:4      | Killed Natasha
  3799 | D:5      | Entered Level 5 of the Dungeon
  3817 | D:5      | Reached skill level 3 in Invocations
  4032 | D:5      | Reached skill level 3 in Short Blades
  4032 | D:5      | Reached skill level 3 in Long Blades
  4032 | D:5      | Reached skill level 3 in Maces & Flails
  4032 | D:5      | Reached skill level 3 in Polearms
  4032 | D:5      | Reached skill level 3 in Staves
  4032 | D:5      | Reached skill level 3 in Ranged Weapons
  4032 | D:5      | Reached skill level 3 in Throwing
  4032 | D:5      | Reached skill level 3 in Dodging
  4032 | D:5      | Reached skill level 3 in Stealth
  4032 | D:5      | Reached skill level 3 in Unarmed Combat
  4032 | D:5      | Reached skill level 3 in Spellcasting
  4032 | D:5      | Reached skill level 3 in Evocations
  4032 | D:5      | Reached XP level 8. HP: 67/67 MP: 12/12
  4105 | D:5      | Found a runed translucent door.
  4106 | D:5      | Noticed MrSquiggles's ghost (novice DrGl)
  4283 | D:5      | Found a sparkling altar of Nemelex Xobeh.
  4328 | D:5      | Noticed a two-headed ogre
  4338 | D:5      | Slain by a two-headed ogre

Vanquished Creatures
  Eustachio (D:4)
  A centaur (D:5)
  3 phantoms
  2 scorpions (D:5)
  2 howler monkeys (D:5)
  2 hounds
  A jelly (D:5)
  2 orc wizards
  Natasha (twice) (D:4)
  2 iguanas
  9 adders
  An ufetubus (D:5)
  2 worms
  A dart slug (D:3)
  5 orcs
  5 ball pythons
  3 bats
  8 endoplasms
  3 giant cockroaches
  6 hobgoblins
  7 jackals
  6 quokkas
  4 frilled lizards
  7 goblins
  3 kobolds
  5 rats
93 creatures vanquished.

Table legend:
 A = Non-vault XP
 B = Vault XP
 C = Vault XP percentage of total XP
 D = Non-vault monster count
 E = Vault monster count
 F = Vault count percentage of total count
                 A         B        C        D         E       F
            +---------+---------+-------+---------+---------+-------
      Total |    1252 |     238 |  16.0 |      91 |       2 |   2.2
            +---------+---------+-------+---------+---------+-------
        D:1 |      47 |       0 |   0.0 |      28 |       0 |   0.0
        D:2 |      56 |       0 |   0.0 |      13 |       0 |   0.0
        D:3 |     201 |       0 |   0.0 |      17 |       0 |   0.0
        D:4 |     269 |     238 |  46.9 |      18 |       2 |  10.0
        D:5 |     679 |       0 |   0.0 |      15 |       0 |   0.0
            +---------+---------+-------+---------+---------+-------

Skill      XL: |  1  2  3  4  5  6  7 |
---------------+----------------------+-----
Invocations    | 1 2 3 |  3.5
Short Blades   | 1 2 3 |  3.2
Long Blades    | 1 2 3 |  3.2
Maces & Flails | 1 2 3 |  3.2
Polearms       | 1 2 3 |  3.2
Staves         | 1 2 3 |  3.2
Ranged Weapons | 1 2 3 |  3.2
Throwing       | 1 2 3 |  3.2
Dodging        | 1 2 3 |  3.2
Stealth        | 1 2 3 |  3.2
Unarmed Combat | 1 2 3 |  3.2
Spellcasting   | 1 2 3 |  3.2
Evocations     | 1 2 3 |  3.2
Conjurations   | 1 2 |  2.6
Hexes          | 1 2 |  2.6
Summonings     | 1 2 |  2.6
Necromancy     | 1 2 |  2.6
Translocations | 1 2 |  2.6
Transmutations | 1 2 |  2.6
Fire Magic     | 1 2 |  2.6
Ice Magic      | 1 2 |  2.6
Air Magic      | 1 2 |  2.6
Earth Magic    | 1 2 |  2.6
Poison Magic   | 1 2 |  2.6
Axes           | 5 |  5.6
Fighting       | 7 |  7.3
Armour         | 7 |  7.3
Shields        | 7 |  7.3

Action                     |  1- 3 |  4- 6 |  7- 9 || total
---------------------------+-------+-------+-------++-------
  Melee: War axe           |   111 |    98 |    93 ||   302
         Bite              |    11 |     9 |    11 ||    31
    Use: Scroll            |       |       |     7 ||     7
 Armour: Scale mail        |    60 |    77 |    47 ||   184
  Dodge: Dodged            |    57 |    58 |    36 ||   151
  Block: Buckler           |    40 |    19 |       ||    59
         Kite shield       |       |    46 |    69 ||   115

Illustrated notes

Table legend:
 A = Kills in this place as a percentage of kills in the entire game.
 B = Kills by you in this place as a percentage of kills by you in the entire game.
 C = Kills by friends in this place as a percentage of kills by friends in the entire game.
 D = Other kills in this place as a percentage of other kills in the entire game.
 E = Experience gained in this place as a percentage of experience gained in the entire game.
 F = Experience gained in this place divided by the number of levels of this place that you have seen.
                   A       B       C       D       E      F
               +-------+-------+-------+-------+-------+----------------------
         Total | 100.0 | 100.0 |   N/A |   N/A | 100.0 | 298.0
       Dungeon | 100.0 | 100.0 |   N/A |   N/A | 100.0 | 298.0
               +-------+-------+-------+-------+-------+----------------------

Table legend: (Time is in decaauts)
 A = Elapsed time spent in this place.
 B = Non-inter-level travel time spent in this place.
 C = Inter-level travel time spent in this place.
 D = Time resting spent in this place.
 E = Time spent auto-exploring this place.
 F = Levels seen in this place.
 G = Mean time per level.
                   A        B        C        D        E       F      G
               +--------+--------+--------+--------+--------+-----+--------+
         Total |   4445 |   4297 |    148 |     91 |   3349 |   5 |  889.0 |
       Dungeon |   4445 |   4297 |    148 |     91 |   3349 |   5 |  889.0 |
               +--------+--------+--------+--------+--------+-----+--------+

Top non-repeatable levels by time:
     D:4: 1178 daAuts
     D:3: 1016 daAuts
     D:2: 922 daAuts
     D:1: 770 daAuts
     D:5: 558 daAuts
